Map: Orbital Shipyard

Players

llllllllllll - Winner!

  • Race: Protoss Protoss
  • League: Gold

ImotoFantasy

  • Race: Protoss Protoss
  • League: Gold

VOD

Have the link to the VOD?

Description

Time

  • Played on: Oct. 26, 2015, 12:06 a.m.
  • Length: 6:31
Show
View Real Time Build Order
Export as new Build Order

llllllllllll Protoss - Winner!

Build Orders: Nexus First 

Get SALT Encoding   

  12  0:01  Probe (Chrono Boost)  
  13  0:11  Probe (Chrono Boost)  
  14  0:18  Pylon  
  14  0:22  Probe (Chrono Boost)  
  15  0:36  Probe (Chrono Boost)  
  16  0:47  Probe (Chrono Boost)  
  17  0:56  Nexus  
  17  1:06  Gateway  
  17  1:09  Probe (Chrono Boost)  
  18  1:19  Probe (Chrono Boost)  
  18  1:21  Assimilator  
  19  1:26  Assimilator  
  19  1:30  Probe (Chrono Boost)  
  20  1:35  Pylon  
  20  1:40  Probe (Chrono Boost)  
  21  1:51  Probe (Chrono Boost)  
  22  1:56  Cybernetics Core  
  22  2:01  Probe (Chrono Boost)  
  22  2:06  Gateway  
  23  2:09  Probe (Chrono Boost)  
  23  2:12  Probe (Chrono Boost)  
  25  2:20  Probe (Chrono Boost)  
  27  2:23  Probe (Chrono Boost)  
  27  2:30  Probe (Chrono Boost)  
  27  2:34  Mothership Core (Chrono Boost), Warp Gate (Chrono Boost)  
  27  2:36  Adept  
  32  2:41  Probe (Chrono Boost)  
  33  2:46  Pylon  
  34  2:51  Probe (Chrono Boost)  
  34  2:52  Probe (Chrono Boost)  
  34  3:01  Probe (Chrono Boost)  
  34  3:03  Probe (Chrono Boost)  
  36  3:09  Stalker x2  
  36  3:10  Probe  
  41  3:14  Probe  
  42  3:20  Robotics Facility  
  42  3:31  Gateway  
  42  3:32  Probe  
  43  3:34  Probe  
  43  3:36  Pylon  
  44  3:42  Pylon  
  44  3:54  Probe  
  45  3:55  Probe  
  46  4:04  Probe  
  46  4:06  Assimilator  
  46  4:07  Probe  
  46  4:08  Pylon  
  48  4:11  Assimilator  
  48  4:16  Immortal (Chrono Boost), Probe (Chrono Boost)  
  53  4:18  Pylon  
  53  4:19  Probe (Chrono Boost)  
  54  4:36  Stalker x2  
  54  4:41  Sentry  
  52  4:49  Mothership Core, Gateway  
  52  4:51  Gateway  
  54  4:53  Observer (Chrono Boost)  
  54  4:54  Gateway  
  55  5:01  Pylon  
  55  5:03  Pylon  
  55  5:05  Zealot x3  
  61  5:09  Probe x2  
  61  5:11  Pylon  
  61  5:12  Immortal (Chrono Boost)  
  67  5:18  Robotics Bay  
  63  5:31  Stalker x3  
  57  5:49  Immortal (Chrono Boost)  
  61  5:52  Zealot x3  
  67  5:57  Pylon  
  67  6:00  Zealot  
  67  6:01  Zealot x2  
  71  6:15  Sentry  
  71  6:16  Zealot  
  77  6:27  Zealot x4  
Show
View Real Time Build Order
Export as new Build Order

ImotoFantasy Protoss 

Build Orders:  

Get SALT Encoding   

  12  0:01  Probe (Chrono Boost)  
  13  0:12  Probe (Chrono Boost)  
  14  0:17  Pylon  
  14  0:22  Probe (Chrono Boost)  
  16  0:35  Probe (Chrono Boost)  
  16  0:38  Gateway  
  16  0:44  Assimilator  
  16  0:46  Probe (Chrono Boost)  
  17  0:55  Assimilator  
  17  0:56  Probe (Chrono Boost)  
  18  1:07  Probe (Chrono Boost)  
  19  1:12  Pylon  
  19  1:18  Probe (Chrono Boost)  
  20  1:26  Cybernetics Core  
  20  1:29  Probe (Chrono Boost)  
  21  1:39  Probe (Chrono Boost)  
  22  1:50  Probe (Chrono Boost)  
  23  1:54  Gateway  
  23  2:08  Warp Gate (Chrono Boost)  
  23  2:09  Stalker  
  23  2:11  Pylon  
  25  2:16  Robotics Facility  
  25  2:36  Gateway  
  27  2:44  Sentry, Stalker  
  29  3:06  Immortal (Chrono Boost)  
  33  3:36  Pylon  
  37  3:41  Immortal (Chrono Boost)  
  37  4:09  Stalker x3  
  43  4:15  Warp Prism (Chrono Boost)  
  45  4:27  Pylon  
  41  4:44  Stalker  
  41  4:45  Stalker  
  45  4:46  Stalker  
  47  5:07  Pylon  
  47  5:10  Stalker x3  
  49  5:38  Stalker x2  
  49  5:39  Stalker  
  49  5:48  Immortal (Chrono Boost)  
  43  6:14  Zealot x3  
Tags
 
Add a new tag
Caveats
  • Supply blocks, unpowered buildings, or Contaminate may cause inaccurate times.
  • Supply counts are checked every 10 seconds.